 Dungeon Crawl Stone Soup version 0.14.1-24-gbdbe590 (webtiles) character file.

2951 Kenran the Basher (level 9, -5/51 HPs)
             Began as a Gargoyle Fighter on June 20, 2014.
             Was a Believer of Okawaru.
             Killed by divine providence
             ... invoked by an orc priest
              (15 damage)
             ... on Level 7 of the Dungeon.
             The game lasted 00:28:56 (7069 turns).

Kenran the Basher (Gargoyle Fighter)                Turns: 7069, Time: 00:28:57

HP  -5/51        AC 20     Str 20      XL: 9   Next: 59%
MP   9/9         EV  3     Int 10      God: Okawaru [**....]
Gold 354         SH 18     Dex 12      Spells:  0 memorised,  8 levels left

rFire  . . .     SeeInvis .     E - +2,+3 morningstar
rCold  . . .     Clarity  +     u - +0 plate armour
rNeg   + . .     Conserve .     c - +0 shield
rPois  +         rCorr    .     g - +1 helmet
rElec  +         rRot     +     F - +0 cloak
SustAb . .       Spirit   .     (no gloves)
rMut   .         Warding  .     (no boots)
Saprov . . .     Stasis   .     n - amulet of clarity {unknown}
MR     .....                    A - cursed ring of hunger
                                G - +1 ring of strength

@: very slightly contaminated, not resistant to hostile enchantments, extremely
unstealthy
A: life protection 1, electricity resistance, unbreathing, petrification
resistance, AC +5
a: Heroism, Renounce Religion


You were on level 7 of the Dungeon.
You worshipped Okawaru.
Okawaru was pleased with you.
You were not hungry.

You visited 2 branches of the dungeon, and saw 9 of its levels.

You collected 354 gold pieces.

Inventory:

Hand weapons
 a - a +0,+0 flail
 E - a +2,+3 morningstar (weapon)
Armour
 c - a +0 shield (worn)
 g - a +1 helmet (worn)
 u - a +0 plate armour (worn)
 F - a +0 cloak (worn)
Comestibles
 d - 2 bread rations
 i - 2 meat rations
Scrolls
 o - 3 scrolls of blinking
 p - a scroll of fog
 v - a scroll of enchant armour
 w - 2 scrolls of recharging
 y - 5 scrolls of teleportation
 B - 3 scrolls of remove curse
 C - 2 scrolls of fear
 I - 2 scrolls of amnesia
Jewellery
 b - an uncursed ring of poison resistance {unknown}
 k - an uncursed amulet of conservation {unknown}
 n - an amulet of clarity (around neck) {unknown}
 A - a cursed ring of hunger (right hand)
 G - a +1 ring of strength (left hand)
 J - an uncursed ring of fire {unknown}
Potions
 e - a potion of might
 h - a potion of agility {unknown}
 j - a potion of flight {unknown}
 l - 2 potions of berserk rage {unknown}
 m - a potion of haste {unknown}
 q - a potion of poison {unknown}
 r - 3 potions of heal wounds {unknown}
 s - a potion of confusion {unknown}
 t - a potion of restore abilities {unknown}
 x - 5 potions of curing {unknown}
 z - a potion of degeneration {unknown}
 H - a potion of brilliance {unknown}
Books
 D - a book of Minor Magic

   Spells                             Type                      Level
   Magic Dart                         Conjuration                  1
   Blink                              Translocation                2
   Call Imp                           Summoning                    2
   Repel Missiles                     Charms/Air                   2
   Slow                               Hexes                        2
   Conjure Flame                      Conjuration/Fire             3
   Mephitic Cloud                     Conjuration/Poison/Air       3
Miscellaneous
 f - a plain deck of changes


   Skills:
 - Level 3.2 Fighting
 + Level 13.5 Maces & Flails
 - Level 3.2 Armour
 - Level 3.2 Shields


You had 8 spell levels left.
You didn't know any spells.

Dungeon Overview and Level Annotations

Branches:
Dungeon (8/15)             Temple (1/1) D:4
   Lair: D:8-11

Altars:
Ashenzari
Cheibriados
Dithmenos
Elyvilon
Fedhas
Kikubaaqudgha
Makhleb
Nemelex Xobeh
Okawaru
Sif Muna
Trog
Vehumet
Xom
Yredelemnul
Zin
The Shining One


Innate Abilities, Weirdness & Mutations

You are resistant to torment.
You are immune to poison.
You are immune to rotting.
Your stone body is very resilient (AC +5).
You resist negative energy.
You are resistant to electric shocks.
You can survive without breathing.
You are immune to petrification.


Message History

The orc shouts!
The orc wizard shouts!
The orc wizard shouts!
Found a throwing net and a scroll of identify.
Found a stone staircase leading up.
There is a stone staircase leading up here.
The centaur wields a bow.
The centaur shoots an arrow.
You block the arrow. You block the worker ant's attack.
You climb upwards.
There is a stone staircase leading down here.
The worker ant bites you but does no damage.
You block the worker ant's attack. You block the worker ant's attack.
Read which item? (? for menu, Esc to quit)
Blink to where?
Press: ? - help, Dir - move target cursor
As you read the scroll of blinking, it crumbles to dust.
There is an open door here.
There is an open door here.
The orc priest mumbles some strange prayers to Beogh against you.
Something smites you!
You die...

#####+# #.# #..# #.### #.# #.##
#...# #.# #o# ######'## #.# #.#
##.......# #.# ##.#####
.'......(#### #.# #......#
##<......(..#####.# #...o..#
#.......##.......########...)..#
#.......#######@.......o.......#
###+##### #...#####'##....>.#
..# #.### ##8.8##.....# #.# ##.#
##8...8####.## #.# #..#
##8.....8###... #.#
#a####8.......8##### #.#
####'###8.........8#... #)#
#......'..a...[...(((.% #####)#
#......#8.........8#...


You could see a worker ant and an orc priest.

Vanquished Creatures
  The ghost of Vasek the Grappler, an experienced TrMo (D:5)
  Menkaure (D:5)
  2 sky beasts
  The ghost of Kenran the Slasher, an average MiFi (D:3)
  An orc warrior (D:7)
  5 centaurs
  2 ogres
  2 giant frogs (D:7)
  2 hippogriff zombies
  A goliath beetle (D:6)
  6 crimson imps
  An orc priest (D:6)
  3 hounds
  An iguana (D:7)
  4 orc wizards
  10 worker ants
  Ijyb (D:3)
  A hound skeleton (D:5)
  3 gnolls
  9 adders
  An inept feature mimic (D:4)
  3 worms
  A giant gecko (D:7)
  2 oozes
  17 orcs
  6 giant cockroaches
  13 goblins
  13 hobgoblins
  5 jackals
  5 quokkas
  2 ball pythons
  18 bats
  4 giant newts
  12 kobolds
  An orc zombie (D:5)
  19 rats
179 creatures vanquished.

Notes
Turn   | Place    | Note
--------------------------------------------------------------
     0 | D:1      | Kenran, the Gargoyle Fighter, began the quest for the Orb.
     0 | D:1      | Reached XP level 1. HP: 14/14 MP: 1/1
     9 | D:1      | Found a sparkling altar of Nemelex Xobeh.
   341 | D:1      | Reached XP level 2. HP: 14/19 MP: 2/2
   892 | D:1      | Reached XP level 3. HP: 23/23 MP: 3/3
  1003 | D:2      | Reached skill level 4 in Maces & Flails
  1401 | D:2      | Reached XP level 4. HP: 28/28 MP: 4/4
  2081 | D:3      | Noticed Kenran's ghost (average MiFi)
  2100 | D:3      | HP: 1/28 [Kenran's ghost (1)]
  2102 | D:3      | Killed Kenran's ghost
  2102 | D:3      | Reached skill level 5 in Maces & Flails
  2102 | D:3      | Reached XP level 5. HP: 2/32 MP: 5/5
  2379 | D:3      | Reached skill level 6 in Maces & Flails
  2482 | D:3      | Found a white marble altar of Elyvilon.
  2531 | D:3      | Found a basalt altar of Yredelemnul.
  2891 | D:3      | Noticed Ijyb
  2907 | D:3      | Killed Ijyb
  3079 | D:4      | Noticed an ogre
  3085 | D:4      | Killed an ogre
  3085 | D:4      | Reached skill level 7 in Maces & Flails
  3085 | D:4      | Reached XP level 6. HP: 34/37 MP: 6/6
  3217 | D:4      | Found a deep blue altar of Sif Muna.
  3431 | D:4      | Reached skill level 8 in Maces & Flails
  3431 | D:4      | Reached XP level 7. HP: 22/41 MP: 7/7
  3764 | D:4      | Found a staircase to the Ecumenical Temple.
  3797 | Temple   | Entered the Ecumenical Temple
  3825 | Temple   | Became a worshipper of Warmaster Okawaru
  4126 | D:5      | Entered Level 5 of the Dungeon
  4126 | D:5      | Found an ancient bone altar of Kikubaaqudgha.
  4260 | D:5      | Reached skill level 9 in Maces & Flails
  4283 | D:5      | Noticed Menkaure
  4291 | D:5      | Killed Menkaure
  4291 | D:5      | Reached XP level 8. HP: 19/46 MP: 8/8
  4317 | D:5      | Noticed Vasek's ghost (experienced TrMo)
  4494 | D:5      | Killed Vasek's ghost
  4494 | D:5      | Acquired Okawaru's first power
  4494 | D:5      | Reached skill level 10 in Maces & Flails
  4681 | D:5      | Reached skill level 11 in Maces & Flails
  5503 | D:6      | Reached skill level 12 in Maces & Flails
  5503 | D:6      | Reached XP level 9. HP: 36/51 MP: 9/9
  6468 | D:7      | Reached skill level 13 in Maces & Flails
  6884 | D:7      | Found a shattered altar of Ashenzari.
  6886 | D:7      | Found a snail-covered altar of Cheibriados.
  7069 | D:7      | Killed from afar by an orc priest

Action                   |  1- 3 |  4- 6 |  7- 9 || total
-------------------------+-------+-------+-------++-------
Melee: Flail             |   119 |   209 |       ||   328
       Morningstar       |       |    16 |   491 ||   507
  Use: Scroll            |     6 |     6 |     8 ||    20
